 Dungeon Crawl Stone Soup version 0.24.0-125-gc4c63601f3 (webtiles) character file.

Game seed: 18246312491498615096, levelgen mode: deterministic

12930 Peloso the Carver (level 11, -1/99 HPs)
             Began as a Minotaur Fighter on Mar 13, 2020.
             Was a High Priest of Okawaru.
             Slain by a polar bear (16 damage)
             ... in an ice cave.
             The game lasted 00:27:53 (9603 turns).

Peloso the Carver (Minotaur Fighter)                Turns: 9603, Time: 00:27:53

Health: -1/99      AC: 20    Str: 23    XL:     11   Next: 68%
Magic:  8/10       EV: 13    Int:  5    God:    Okawaru [*****.]
Gold:   492        SH: 14    Dex: 11    Spells: 10/10 levels left

rFire    x . .     SeeInvis .   a - +0 long sword
rCold    + + +     Gourm    +   c - +0 shield
rNeg     . . .     Faith    .   d - +0 ice dragon scales
rPois    +         Spirit   .   (helmet restricted)
rElec    .         Reflect  .   M - +0 cloak
rCorr    .         Harm     .   t - +0 pair of gloves
MR       .....                  s - +0 pair of boots
Stlth    ++........             m - amulet of the gourmand
HPRegen  0.26/turn              P - ring of protection from cold
MPRegen  0.12/turn              T - ring of poison resistance

@: heroism
A: retaliatory headbutt, horns 2
a: Heroism, Finesse, Renounce Religion


You were in an ice cave.
You worshipped Okawaru.
Okawaru was extremely pleased with you.
You were completely stuffed.

You visited 2 branches of the dungeon, and saw 12 of its levels.
You also visited: Ice Cave.

You collected 743 gold pieces.
You spent 251 gold pieces at shops.

Inventory:

Hand Weapons
 a - a +0 long sword (weapon)
 b - a +2 dagger of flaming
 J - the +8 quarterstaff of Wiesiv {vamp, MR+ Str+5 Dex+2 Stlth-}
   (You found it on level 7 of the Dungeon)

   It inflicts no extra harm, but heals its wielder when it wounds a living foe.
   It affects your strength (+5).
   It affects your dexterity (+2).
   It affects your resistance to hostile enchantments.
   It makes you less stealthy.
Armour
 c - a +0 shield (worn)
 d - +0 ice dragon scales (worn)
 r - a +0 plate armour
 s - a +0 pair of boots (worn)
 t - a +0 pair of gloves (worn)
 M - a +0 cloak (worn)
Jewellery
 i - an uncursed ring of flight
 m - an amulet of the gourmand (around neck)
 o - an uncursed ring of stealth
 v - an uncursed ring of positive energy
 y - an uncursed amulet of regeneration
 A - an uncursed ring of fire
 P - a ring of protection from cold (left hand)
 T - a ring of poison resistance (right hand)
Wands
 j - a wand of random effects (16)
 I - a wand of flame (52)
 K - a wand of acid (20)
 N - a wand of polymorph (8)
 V - a wand of iceblast (8)
Scrolls
 e - 15 scrolls of identify
 g - 3 scrolls of random uselessness {unknown}
 h - 5 scrolls of teleportation
 k - 9 scrolls of remove curse
 l - 2 scrolls of blinking {unknown}
 n - 4 scrolls of magic mapping
 p - 4 scrolls of fear {unknown}
 u - 2 scrolls of noise {unknown}
 z - 2 scrolls of enchant armour {unknown}
 E - a scroll of amnesia {unknown}
 H - 2 scrolls of fog {unknown}
 O - 2 scrolls of immolation {unknown}
 Q - a scroll of silence {unknown}
Potions
 q - a potion of magic {unknown}
 w - 3 potions of agility {unknown}
 x - 4 potions of lignification {unknown}
 B - 4 potions of flight {unknown}
 C - 2 potions of brilliance
 D - 6 potions of curing
 F - 3 potions of heal wounds
 G - a potion of ambrosia {unknown}
 L - a potion of degeneration {unknown}
 R - a potion of mutation {unknown}
 S - a potion of berserk rage {unknown}
 U - a potion of haste {unknown}
Comestibles
 f - 22 rations


   Skills:
 + Level 9.6(14.6) Fighting
 + Level 13.8(18.8) Long Blades
 + Level 10.0(15.0) Armour
 + Level 2.8(7.8) Dodging
 + Level 1.6(6.6) Stealth
 + Level 11.4(16.4) Shields
 + Level 1.2 Invocations
 + Level 0.4 Evocations


You had 10 spell levels left.
You didn't know any spells.
Your spell library contained the following spells:

 Spells                   Type           Power        Failure   Level  Hunger
 Confusing Touch          Hex            #.....       75%         1    ##.....
 Corona                   Hex            #......      75%         1    ##.....
 Slow                     Hex            #.......     87%         2    ###....
 Confuse                  Hex            #.......     98%         3    ####...
 Gell's Gravitas          Tloc           #.........   98%         3    ####...
 Inner Flame              Hex/Fire       #.......     98%         3    ####...
 Portal Projectile        Hex/Tloc       #.....       98%         3    ####...
 Cause Fear               Hex            #.........   100%        4    #####..
 Leda's Liquefaction      Hex/Erth       #.........   100%        4    #####..
 Petrify                  Tmut/Erth      #.......     100%        4    #####..
 Metabolic Englaciation   Hex/Ice        #.........   100%        5    ######.
 Yara's Violent Unravell  Hex/Tmut       #.........   100%        5    ######.


Dungeon Overview and Level Annotations

Branches:
Dungeon (11/15)            Temple (1/1) D:7            Lair (0/6) D:10
    Orc (0/2) D:11          IceCv (1/1)

Altars:
Elyvilon
Hepliaklqana
Kikubaaqudgha
Nemelex Xobeh
Okawaru
Ru
Sif Muna
Trog
Uskayaw
Vehumet
The Shining One

Shops:
D:7 ?   D:8 %%**

Annotations:
D:10 3 runed translucent doors, Seghaw's ghost, journeyman GrFi


Innate Abilities, Weirdness & Mutations

You reflexively headbutt those who attack you in melee.
You have a pair of horns on your head.


Message History

The polar bear claws you but does no damage.
You block the polar bear's attack.
You hit the polar bear. Your headbutt misses the polar bear.
The polar bear is almost dead.
You block the polar bear's attack. x2; The polar bear closely misses you.
The polar bear bites you!
* * * LOW HITPOINT WARNING * * *
You block the polar bear's attack. x2
Unknown command.
You hit the polar bear but do no damage.
The polar bear is almost dead.
You block the polar bear's attack.
The polar bear claws you but does no damage. x2
The polar bear bites you!
* * * LOW HITPOINT WARNING * * *
The polar bear closely misses you. x2
You closely miss the polar bear.
The polar bear is almost dead.
The polar bear bites you!
You die...

##....# ####....###
#...∩.######....##.†..
#.∩....#.....#######..
##..##....########....
### ##########....###
###.....####
####..###### ###....##
##h@.#### ###.h###
#...## #..## ##..#
#..# #..# #... ##...


You could see 2 polar bears.

Vanquished Creatures
  An ice dragon (D:11)
  A two-headed ogre (D:8)
  3 death yaks (D:10)
  An ugly thing (D:11)
  Joseph (D:7)
  Maurice (D:8)
  3 polar bears (D:11)
  A troll (D:10)
  Prince Ribbit (D:7)
  A human (D:8)
  A hungry ghost (D:10)
  6 yaks
  3 hogs (D:8)
  Menkaure (D:5)
  A warg (D:11)
  A sky beast (D:11)
  3 orc warriors
  2 ice beasts
  4 phantoms
  2 black bears
  4 wolves
  6 ogres
  2 necrophages (D:9)
  2 centaurs (D:10)
  2 big kobolds
  A gnoll sergeant (D:8)
  5 bullfrogs
  5 scorpions
  3 killer bees (D:9)
  5 wights (D:6)
  2 lava snakes (D:8)
  3 crimson imps
  A centaur zombie (D:10)
  A quasit (D:11)
  17 hounds
  4 orc priests
  5 bullfrog skeletons
  3 gnoll shamans
  4 centaur skeletons
  4 iguanas
  14 orc wizards
  12 worker ants
  2 killer bee zombies
  A hound zombie (D:6)
  2 hound skeletons
  10 gnolls
  A howler monkey skeleton (D:8)
  9 adders
  3 shadow imps
  An adder zombie (D:8)
  3 adder skeletons
  3 worms
  3 dart slugs
  47 orcs
  2 ball pythons
  4 giant cockroaches
  9 goblins
  12 hobgoblins
  21 jackals
  6 quokkas
  11 bats
  7 frilled lizards
  A jackal skeleton (D:9)
  7 kobolds
  8 rats
  6 plants (D:8)
322 creatures vanquished.

Notes
Turn   | Place    | Note
-------+----------+-------------------------------------------
     0 | D:1      | Peloso the Minotaur Fighter began the quest for the Orb.
     0 | D:1      | Reached XP level 1. HP: 19/19 MP: 0/0
   106 | D:1      | Reached XP level 2. HP: 26/27 MP: 1/1
   619 | D:1      | Reached XP level 3. HP: 33/33 MP: 2/2
  1196 | D:2      | Found a hide-covered altar of Uskayaw.
  1721 | D:3      | You fall into a shaft and drop 3 floors!
  1760 | D:5      | Entered Level 5 of the Dungeon
  1760 | D:5      | Noticed Menkaure
  1771 | D:5      | Killed Menkaure
  1771 | D:5      | Reached skill level 4 in Long Blades
  1771 | D:5      | Reached skill level 1 in Dodging
  1771 | D:5      | Reached XP level 4. HP: 24/41 MP: 3/3
  1771 | D:5      | Reached XP level 5. HP: 28/47 MP: 4/4
  1791 | D:5      | Reached skill level 5 in Fighting
  2305 | D:5      | Reached XP level 6. HP: 53/56 MP: 5/5
  2390 | D:5      | Reached skill level 5 in Long Blades
  2619 | D:5      | Found a sacrificial altar of Ru.
  2668 | D:5      | Reached skill level 5 in Armour
  3095 | D:4      | Reached skill level 6 in Long Blades
  3095 | D:4      | Reached XP level 7. HP: 51/61 MP: 6/6
  3185 | D:4      | Reached skill level 5 in Shields
  3418 | D:4      | Reached skill level 7 in Long Blades
  3627 | D:4      | Reached skill level 1 in Stealth
  3735 | D:4      | Reached XP level 8. HP: 65/70 MP: 7/7
  4046 | D:3      | Found a sparkling altar of Nemelex Xobeh.
  4082 | D:3      | Found a shimmering blue altar of Sif Muna.
  4082 | D:3      | Found a white marble altar of Elyvilon.
  4082 | D:3      | Found a glowing golden altar of the Shining One.
  4516 | D:6      | Reached skill level 8 in Long Blades
  4665 | D:6      | Reached skill level 9 in Long Blades
  5194 | D:7      | Got a bloodstained quarterstaff
  5271 | D:7      | Noticed Prince Ribbit
  5277 | D:7      | Killed Prince Ribbit
  5277 | D:7      | Reached XP level 9. HP: 59/78 MP: 8/8
  5304 | D:7      | Noticed Joseph
  5306 | D:7      | Found Rogeeles's Magic Scroll Shoppe.
  5314 | D:7      | Killed Joseph
  5324 | D:7      | Bought a scroll of identify for 26 gold pieces
  5324 | D:7      | Bought a scroll of magic mapping for 45 gold pieces
  5324 | D:7      | Bought a scroll of teleportation for 39 gold pieces
  5324 | D:7      | Bought a scroll of remove curse for 39 gold pieces
  5325 | D:7      | Identified the +8 quarterstaff of Wiesiv {vamp, MR+ Str+5
                  | Dex+2 Stlth-} (You found it on level 7 of the Dungeon)
  5380 | D:7      | Found a staircase to the Ecumenical Temple.
  5386 | Temple   | Entered the Ecumenical Temple
  5395 | Temple   | Became a worshipper of Warmaster Okawaru
  5885 | D:8      | Reached skill level 10 in Long Blades
  5898 | D:8      | Found Qujosk's Food Boutique.
  5898 | D:8      | Noticed Maurice
  5908 | D:8      | Killed Maurice
  5908 | D:8      | Reached * piety under Okawaru
  6091 | D:8      | Reached skill level 11 in Long Blades
  6103 | D:8      | Reached ** piety under Okawaru
  6103 | D:8      | Reached XP level 10. HP: 75/88 MP: 9/9
  6141 | D:8      | Found Vuaxied's General Store.
  6167 | D:8      | Bought a scroll of magic mapping for 42 gold pieces
  6167 | D:8      | Bought a potion of heal wounds for 60 gold pieces
  6183 | D:8      | Found Ajotabenk's Assorted Antiques.
  6765 | D:8      | Noticed a two-headed ogre
  6786 | D:8      | Killed a two-headed ogre
  6813 | D:8      | Found Ifuxt's Food Boutique.
  7034 | D:8      | Reached skill level 10 in Shields
  7627 | D:9      | Reached *** piety under Okawaru
  8103 | D:10     | Entered Level 10 of the Dungeon
  8178 | D:10     | Noticed a cyclops
  8178 | D:10     | Noticed a two-headed ogre
  8184 | D:10     | Noticed a centaur warrior
  8185 | D:10     | Noticed a deep troll
  8274 | D:10     | Reached skill level 12 in Long Blades
  8337 | D:10     | Found a staircase to the Lair.
  8337 | D:10     | Noticed a death yak
  8337 | D:10     | Noticed a death yak
  8337 | D:10     | Noticed a death yak
  8358 | D:10     | Killed a death yak
  8358 | D:10     | Reached **** piety under Okawaru
  8375 | D:10     | Reached XP level 11. HP: 53/95 MP: 7/10
  8399 | D:10     | Killed a death yak
  8753 | D:10     | Killed a death yak
  8753 | D:10     | Reached skill level 13 in Long Blades
  8949 | D:10     | Found a runed translucent gate.
  8949 | D:10     | Found a runed translucent gate.
  8949 | D:10     | Found a runed translucent gate.
  8950 | D:10     | Noticed Seghaw's ghost (journeyman GrFi)
  9295 | D:11     | Noticed a red ugly thing
  9306 | D:11     | Killed a red ugly thing
  9306 | D:11     | Reached skill level 1 in Invocations
  9444 | D:11     | Found a frozen archway.
  9457 | D:11     | Noticed an ice dragon
  9480 | D:11     | Reached skill level 10 in Armour
  9489 | D:11     | Killed an ice dragon
  9489 | D:11     | Reached ***** piety under Okawaru
  9528 | IceCv    | Entered an ice cave
  9603 | IceCv    | Slain by a polar bear

Levels and vault maps discovered:
D:1:      elethiomel_arrival_maze, layout_basic
D:2:      layout_basic, eat_drink_and_be_merry_uskayaw
D:3:      layout_rooms, gammafunk_temple_overflow_forgotten, first_ration,
          nemelex_spade_bored_becter
D:4:      layout_loops_ring, minivault_14, minmay_misc_feat_five
D:5:      wad_pebble_path, layout_basic, nicolae_ru_sacrificial_ziggurat,
          uniq_menkaure
D:6:      layout_loops_cross
D:7:      layout_loops_ring, minmay_temple_entry_fiery, serial_shops,
          nicolae_shop_temple_entry_statues_fountains, minmay_splitting_lines,
          uniq_joseph, uniq_prince_ribbit1
D:8:      kennysheep_housing_project, layout_cave_pools, serial_shops,
          kennysheep_little_box, shop_fountains, shop_statue, shop,
          grunt_livestock, minivault_10, kennysheep_diamond, uniq_maurice
D:9:      layout_roguey, minmay_chambers_of_fives
D:10:     layout_roguey, dpeg_lair_monsters, ebering_ghost_rock_garden,
          onia_ninara_dug_in_and_dangerous
D:11:     layout_basic, erik_orc_4, portal_ice_cave_entry_animals_and_master
Temple:   hc_temple_tempest_star
IceCv:    ice_cave_caverns_01

Skill      XL: |  1  2  3  4  5  6  7  8  9 10 11 |
---------------+----------------------------------+-----
Fighting       | 4 5 6 7 8 9 |  9.6
Armour         | 4 5 6 7 9 10 | 10.0
Shields        | 4 5 7 9 10 11 | 11.4
Long Blades    | 4 6 7 9 11 12 13 | 13.8
Dodging        | 1 2 |  2.8
Stealth        | 1 |  1.6
Invocations    | 1 |  1.2
Evocations     | |  0.4

Action                   |  1- 3 |  4- 6 |  7- 9 | 10-12 || total
-------------------------+-------+-------+-------+-------++-------
Melee: Long sword        |   110 |    87 |   394 |   674 ||  1265
       Headbutt          |    16 |    14 |    92 |   184 ||   306
Invok: Heroism           |       |       |       |    13 ||    13
Evoke: Wand              |       |       |     1 |       ||     1
  Use: Potion            |     2 |       |     1 |     4 ||     7
       Scroll            |       |       |     2 |     2 ||     4
  Eat: Chunk             |    15 |     7 |     5 |    26 ||    53
Armor: Scale mail        |    52 |       |       |       ||    52
       Plate armour      |    17 |    41 |   240 |   251 ||   549
       Ice dragon scales |       |       |       |    29 ||    29
Dodge: Dodged            |    35 |    15 |    88 |   139 ||   277
Block: Shield            |    74 |    42 |   227 |   360 ||   703
       Rpst.: Long sword |     9 |     5 |    22 |    28 ||    64
